 Dungeon Crawl Stone Soup version 0.29-a0-352-g0917bc69df (webtiles) character file.

Game seed: 12535876802947899279

309 Hubjo the Magician (level 6, 0/38 HPs)
             Began as a Deep Elf Fire Elementalist on Apr 24, 2022.
             Was a Priest of Ashenzari.
             Succumbed to a scorpion's poison
             ... on level 4 of the Dungeon.
             The game lasted 00:11:03 (4970 turns).

Hubjo the Magician (Deep Elf Fire Elementalist)     Turns: 4970, Time: 00:11:04

Health: 0/38       AC:  8    Str:  7    XL:     6   Next: 17%
Magic:  13/17      EV: 11    Int: 20    God:    Ashenzari [***...]
Gold:   217        SH:  5    Dex: 17    Spells: 12/17 levels left

rFire   + . .      SeeInvis +   m - +3 dagger "Thunder Perfect Mind" {Melee, Bglg} (curse)
rCold   x . .      Faith    .   (no shield)
rNeg    + . .      Spirit   .   o - +1 ring mail "Distant Discomfort" {*Slow rN+ Str+2 Stlth+, Cun, Bglg} (curse)
rPois   .          Reflect  +   (no helmet)
rElec   .          Harm     .   (no cloak)
rCorr   .          Rampage  .   h - +1 pair of gloves "Overhang to Understand" {Self, Comp} (curse)
Will    .....      Clarity  +   (no boots)
Stlth   ++++......              p - amulet "Ruined Dismay" {Reflect SH+5, Fort, Evo} (curse)
HPRegen 0.12/turn               k - ring of Supernal Gnosis {Wiz, Cun, Range} (curse)
MPRegen 0.15/turn               g - ring of fire

@: lethally poisoned (0 -> -2), hasted, very quick
A: no striking features
a: Renounce Religion, Shatter the Chains


You were on level 4 of the Dungeon.
You worshipped Ashenzari.
Ashenzari was most pleased with you.
You visited 1 branch of the dungeon, and saw 4 of its levels.

You collected 217 gold pieces.

Inventory:

Hand Weapons
 m - the cursed +3 dagger "Thunder Perfect Mind" (weapon) {Melee, Bglg}
   (You took it off a goblin on level 2 of the Dungeon)

   It has a curse which improves the following skills: Melee Combat: Short
   Blades, Long Blades, Axes, Maces & Flails, Polearms, Staves and Unarmed
   Combat.
   Beguiling: Conjurations, Hexes and Translocations.
Armour
 a - a +0 robe
 h - the cursed +1 pair of gloves "Overhang to Understand" (worn) {Self, Comp}
   (You found it on level 2 of the Dungeon)

   It has a curse which improves the following skills: Introspection: Fighting
   and Spellcasting.
   Companions: Summonings and Necromancy.
 o - the cursed +1 ring mail "Distant Discomfort" (worn) {*Slow rN+ Str+2 Stlth+, Cun, Bglg}
   (You found it on level 2 of the Dungeon)

   Str:       It affects your strength (+2).
   rN:        It protects you from negative energy.
   *Slow:     It may slow you when you take damage.
   Stlth:     It makes you more stealthy.
   It has a curse which improves the following skills: Cunning: Dodging and
   Stealth.
   Beguiling: Conjurations, Hexes and Translocations.
Jewellery
 g - a ring of fire (right hand)
 k - a cursed ring of Supernal Gnosis (left hand) {Wiz, Cun, Range}
   (You found it on level 2 of the Dungeon)

   [ring of wizardry]

   It improves your spell success rate.
   It has a curse which improves the following skills: Cunning: Dodging and
   Stealth.
   Ranged Combat: Slings, Bows, Crossbows and Throwing.
 p - the cursed amulet "Ruined Dismay" (around neck) {Reflect SH+5, Fort, Evo}
   (You found it on level 3 of the Dungeon)

   [amulet of reflection]

   It reflects blocked missile attacks.
   SH:        It affects your SH (+5).
   It has a curse which improves the following skills: Fortitude: Armour and
   Shields.
   Evocations: Evocations.
Scrolls
 c - a scroll of identify
 d - 3 scrolls of teleportation
 i - 2 scrolls of vulnerability
Potions
 b - a potion of magic
 l - 2 potions of degeneration
 n - a potion of brilliance


   Skills:
 + Level 2.4(3.8) Fighting
 + Level 1.7(2.9) Short Blades
 - Level 2.4(4.3) Dodging
 + Level 4.3(6.6) Stealth
 + Level 4.6(6.2) Spellcasting
 - Level 1.1(2.5) Conjurations
 + Level 4.5 Fire Magic


You had 12 spell levels left.
You knew the following spells:

 Your Spells              Type           Power      Damage    Failure   Level
a - Foxfire               Conj/Fire      100%       2x1d9     3%          1
b - Flame Wave            Conj/Fire      30%        2d8       32%         4

Your spell library contained the following spells:

 Spells                   Type           Power      Damage    Failure   Level
 Scorch                   Fire           72%        2d8       3%          2
 Conjure Flame            Conj/Fire      30%        6-21      11%         3
 Inner Flame              Hex/Fire       24%        N/A       16%         3
 Blink                    Tloc           14%        N/A       19%         2
 Dazzling Flash           Conj/Hex       22%        N/A       24%         3
 Lesser Beckoning         Tloc           7%         N/A       34%         3
 Manifold Assault         Tloc           7%         N/A       96%         5
 Agony                    Necr           7%         N/A       97%         5
 Silence                  Hex/Air        3%         N/A       97%         5


Dungeon Overview and Level Annotations

Branches:
Dungeon (4/15)
 Temple: D:4-7

Altars:
Ashenzari

Shops:
D:4 =


Message History

You block the scorpion's attack.
You are too injured to fight recklessly!
Casting: Flame Wave (extremely dangerous; 32% risk of failure)
Confirm with . or Enter, or press ? or * to list all spells.
You don't know that spell.
Casting: Flame Wave (extremely dangerous; 32% risk of failure)
Confirm with . or Enter, or press ? or * to list all spells.
The spell is extremely dangerous to miscast (32% risk of failure)!
Continue anyway?
Casting: Flame Wave (extremely dangerous; 32% risk of failure)
Press: ? - help, Dir - look around, f - activate You feel a surge of power!
A wave of flame ripples out!
The flame wave engulfs the scorpion!
You kill the scorpion! (Press . to intensify the flame waves.)
You feel very sick.
You have reached level 6!
There is a lethal amount of poison in your body!
There is a lethal amount of poison in your body!
* * * LOW HITPOINT WARNING * * *
You feel very sick.
* * * LOW HITPOINT WARNING * * *
You feel sick.
Okay, then.
You feel yourself speed up.
* * * LOW HITPOINT WARNING * * *
You feel sick.
* * * LOW HITPOINT WARNING * * *
You feel sick.
Blink to where?
Press: ? - help, Q - select action, (/) - cycle Dir - move target
As you read the scroll of blinking, it crumbles to dust.
* * * LOW HITPOINT WARNING * * *
You feel sick.
* * * LOW HITPOINT WARNING * * *
You feel sick.
* * * LOW HITPOINT WARNING * * *
You feel sick.
* * * LOW HITPOINT WARNING * * *
You feel sick.
You die...

#.# ##..######### #.#
#......#..... #.######
#......#..... #......#
###.#########.. ######.#
#......#....... ##.##
#.#....#.......
###...######.#.#######...#
#...#....................#
#.#...###@#........#.###.#
#######.#..###.##...###....##...
#.............#####.#♣≈.≈..#.###
#.....#....###.###.##≈P.≈≈...#
#......#........#...(.≈≈≈....#
#.#######..###.............#.#
#......#....###...######.#.#.#
#.....#......###.## #.#.#.#
#................# #.#.#.#


There were no monsters in sight!

Vanquished Creatures
  A necrophage (D:4)
  A scorpion (D:4)
  A howler monkey (D:4)
  An iguana (D:4)
  5 adders
  4 worms
  2 dart slugs (D:2)
  7 bats
  3 endoplasms
  A giant cockroach (D:3)
  11 goblins
  3 hobgoblins
  9 jackals
  A quokka (D:2)
  9 ball pythons
  4 frilled lizards
  3 kobolds
  3 rats
69 creatures vanquished.

Vanquished Creatures (collateral kills)
  2 foxfires (D:2)
2 creatures vanquished.

Vanquished Creatures (others)
  174 foxfires
174 creatures vanquished.

Grand Total: 245 creatures vanquished

Notes
Turn   | Place    | Note
-------+----------+-------------------------------------------
     0 | D:1      | Hubjo the Deep Elf Fire Elementalist began the quest for
                  | the Orb.
     0 | D:1      | Reached XP level 1. HP: 10/10 MP: 6/6
   369 | D:1      | Reached XP level 2. HP: 16/16 MP: 4/8
   545 | D:1      | Found a faded altar of an unknown god.
   560 | D:1      | Prayed at the altar of an unknown god.
   560 | D:1      | Became a worshipper of Ashenzari the Shackled
   826 | D:1      | Reached skill level 1 in Fighting
  1496 | D:2      | Reached XP level 3. HP: 20/20 MP: 6/9
  1801 | D:2      | Reached * piety under Ashenzari
  2241 | D:2      | Reached XP level 4. HP: 26/26 MP: 4/11
  2766 | D:2      | Identified the +1 ring mail of Hifus {*Slow rN+ Str+2
                  | Stlth+}
  3413 | D:3      | Reached ** piety under Ashenzari
  4317 | D:4      | Found Vyerolus's Jewellery Shoppe.
  4442 | D:4      | Learned a level 4 spell: Flame Wave
  4464 | D:4      | Reached XP level 5. HP: 32/32 MP: 14/14
  4562 | D:4      | Reached skill level 1 in Short Blades
  4950 | D:4      | Reached *** piety under Ashenzari
  4960 | D:4      | Reached XP level 6. HP: 13/38 MP: 12/17
  4967 | D:4      | HP: 1/38 [poisoned by a scorpion]
  4970 | D:4      | Succumbed to a scorpion's poison

Illustrated notes

Levels and vault maps discovered:
D:1:      dpeg_arrival_simpleton_c, layout_loops_cross,
          ebering_ecumenical_altar_webs
D:2:      layout_basic, minmay_hedge_maze, minmay_pentomino_t4
D:3:      layout_basic, kennysheep_small_spiral, serial_park_tiny_pond
D:4:      layout_loops_ring, serial_shops, nicolae_shop_advertising_works
          [nicolae_subvault_shop_adworks], serial_bayou_pond_e,
          chequers_serial_rivers_large_b, chequers_serial_rivers_micro_c,
          hangedman_abyss_or_decor_stagger, minivault_25, roderic_roman_lattice

Skill      XL: |  1  2  3  4  5 |
---------------+----------------+-----
Fighting       | 1 2 |  2.4
Stealth        | 3 4 |  4.3
Spellcasting   | 4 |  4.6
Fire Magic     | 4 |  4.5
Short Blades   | 1 |  1.7
Dodging        | |  2.4
Conjurations   | |  1.1

Action                   |  1- 3 |  4- 6 || total
-------------------------+-------+-------++-------
Melee: Rapier            |    14 |       ||    14
       Dagger            |     7 |    88 ||    95
 Cast: Foxfire           |    96 |    13 ||   109
       Flame Wave        |       |     2 ||     2
Invok: Curse Item        |     2 |     4 ||     6
       Shatter the Chain |     1 |       ||     1
  Use: Potion            |     2 |     2 ||     4
       Scroll            |       |     2 ||     2
 Stab: Sleeping          |     1 |    11 ||    12
Armor: Robe              |     6 |     1 ||     7
       Ring mail         |       |    31 ||    31
Dodge: Dodged            |    35 |    34 ||    69
Block: Other             |       |    15 ||    15

Table legend: (Time is in decaauts)
 A = Elapsed time spent in this place.
 B = Non-inter-level travel time spent in this place.
 C = Inter-level travel time spent in this place.
 D = Time resting spent in this place.
 E = Time spent auto-exploring this place.
 F = Levels seen in this place.
 G = Mean time per level.
                   A        B        C        D        E       F      G
               +--------+--------+--------+--------+--------+-----+--------+
         Total |   4992 |   4903 |     89 |    651 |   3606 |   4 | 1248.0 |
       Dungeon |   4992 |   4903 |     89 |    651 |   3606 |   4 | 1248.0 |
               +--------+--------+--------+--------+--------+-----+--------+

Top non-repeatable levels by time:
     D:2: 1634 daAuts
     D:4: 1193 daAuts
     D:1: 1152 daAuts
     D:3: 1013 daAuts
